 Dungeon Crawl Stone Soup version 0.31-a0-1620-gcbf77bbcfc (webtiles) character file.

Game seed: 710720562153511273

34 zenocrate the Sneak (level 3, -1/16 HPs)
             Began as a Vine Stalker Enchanter on Jan 11, 2024.
             Slain by a gnoll
             ... wielding a +0 halberd
              (4 damage)
             ... on level 2 of the Dungeon.
             The game lasted 00:01:41 (1255 turns).

zenocrate the Sneak (Vine Stalker Enchanter)        Turns: 1255, Time: 00:01:42

Health: -1/16      AC:  2    Str: 10    XL:     3   Next: 31%
Magic:  0/7        EV: 12    Int: 15    God:
Gold:   62         SH:  0    Dex: 16    Spells: 1/6 levels left

rFire   . . .        a - +1 dagger
rCold   . . .        (no shield)
rNeg    . . .        b - +0 robe
rPois   .            (no helmet)
rElec   .            (no cloak)
rCorr   .            (no gloves)
SInv    .            (no boots)
Will    .....        (no amulet)
Stlth   +++          (no ring)
HPRegen 1.02/turn    (no ring)
MPRegen 0.10/turn

%: guardian spirit
@: no status effects
A: fangs 2, regeneration 1, magic shield, antimagic bite, no potion heal 2
a: no special abilities


You were on level 2 of the Dungeon.
You visited 1 branch of the dungeon, and saw 2 of its levels.

You collected 62 gold pieces.

Inventory:

Hand Weapons
 a - a +1 dagger (weapon)
 f - the +5 mace of the Pillar {drain, Will++ Str-4 Dex+3 Stlth+}
   (You found it on level 2 of the Dungeon)

   Str-4:     It affects your strength (-4).
   Dex+3:     It affects your dexterity (+3).
   Will++:    It greatly increases your willpower.
   Stlth+:    It makes you more stealthy.
Armour
 b - a +0 robe (worn)
Scrolls
 d - a scroll of identify {unknown}
 e - a scroll of poison {unknown}
Potions
 c - 2 potions of invisibility
 g - a potion of degeneration {unknown}
 h - a potion of enlightenment {unknown}
 i - a potion of lignification {unknown}


   Skills:
 + Level 1.6 Short Blades
 + Level 0.3 Armour
 - Level 1.5 Dodging
 + Level 4.1 Stealth
 - Level 2.1 Spellcasting
 + Level 3.4 Hexes
 + Level 0.5 Ice Magic


You had one spell level left.
You knew the following spells:

 Your Spells              Type           Power      Damage    Failure   Level
a - Ensorcelled Hibernat  Hex/Ice        14%        N/A       14%         2
b - Confusing Touch       Hex            11%        N/A       16%         3

Your spell library contained the following spells:

 Spells                   Type           Power      Damage    Failure   Level
 Tukima's Dance           Hex            11%        N/A       16%         3
 Dazzling Flash           Conj/Hex       12%        N/A       32%         3


Dungeon Overview and Level Annotations

Branches:
Dungeon (2/15)

Altars:


Innate Abilities, Weirdness & Mutations

You have extremely sharp teeth.
Your natural rate of healing is unusually fast.
When hurt, damage is shared between your health and your magic reserves.
Your bite disrupts and absorbs the magic of your enemies.
Potions cannot restore your health.


Message History

Things that are here:
a +0 dagger; a ball python corpse No target in view!
Found a stone staircase leading down.
No target in view!
You now have 62 gold pieces (gained 10).
Found a glowing barding.
No target in view!
i - a purple potion You see here 5 stones.
No target in view!
Found a hand axe.
Found a stone staircase leading up.
No target in view!
You see here a +1 barding.
A gnoll comes into view. It is wielding a +0 halberd.
Found a dark potion. 2 gnolls, a ball python and an endoplasm come into view.
Found 2 scrolls labelled KUOGIR CEUDO.
The gnoll shouts! x3; The ball python hisses angrily.
A ball python comes into view.
You hear a shout!
There are monsters nearby!
A gnoll comes into view. It is wielding a +0 halberd.
The gnoll completely misses you. The gnoll barely misses you.
The gnoll attacks as it pursues you! The gnoll barely misses you.
The gnoll attacks as it pursues you! The gnoll barely misses you.
The gnoll attacks as it pursues you! The gnoll hits you with a +0 flail!
The gnoll attacks as it pursues you! The gnoll misses you.
Casting: Ensorcelled Hibernation (safe; 14% risk of failure)
Confirm with . or Enter, or press ? or * to list all spells.
Aiming: Ensorcelled Hibernation (safe; 14% risk of failure)
Press: ? - help, Shift-Dir - straight line, f - gnoll
Aim: a gnoll, wielding a +0 flail (chance to affect: 50%)
The gnoll resists with some effort.
The ball python hisses angrily.
The gnoll hits you with a +0 flail!
* * * LOW HITPOINT WARNING * * *
The gnoll hits you from afar with a +0 halberd.
You die...

#.....########
#.....# ###.###
#.# #.#
#.##############
#..............#
#.############.#
#.# #@# #.# #g#
#.# #g# #.#
#####J### #.#
#.J..S..# #.#
#...g...#
#?..$...#
..g.....S#
###.......#


You could see 3 gnolls, an endoplasm and 2 ball pythons.

Vanquished Creatures
  A ribbon worm (D:2)
  3 ball pythons (D:2)
  4 endoplasms
  3 giant cockroaches
  3 goblins
  A hobgoblin (D:1)
  4 jackals (D:2)
  2 kobolds
  2 quokkas (D:1)
  2 bats (D:1)
25 creatures vanquished.

Notes
Turn   | Place    | Note
-------+----------+-------------------------------------------
     0 | D:1      | zenocrate the Vine Stalker Enchanter began the quest for
                  | the Orb.
     0 | D:1      | Reached XP level 1. HP: 9/9 MP: 4/4
     8 | D:1      | Reached skill level 1 in Short Blades
   184 | D:1      | Found a faded altar of an unknown god.
   328 | D:1      | Reached XP level 2. HP: 13/13 MP: 4/6
   431 | D:1      | Reached skill level 4 in Stealth
   571 | D:1      | Learned a level 2 spell: Ensorcelled Hibernation
   995 | D:2      | Reached XP level 3. HP: 16/16 MP: 7/7
  1000 | D:2      | Identified the +5 mace of the Pillar {drain, Will++ Str-4
                  | Dex+3 Stlth+}
  1045 | D:2      | Learned a level 3 spell: Confusing Touch
  1255 | D:2      | Slain by a gnoll

Illustrated notes

Levels and vault maps discovered:
D:1:      nzn_arrival_water_spiral, layout_basic, basic_ecumenical_altar
D:2:      layout_loops_ring

Skill      XL: |  1  2 |
---------------+-------+-----
Short Blades   | 1 |  1.6
Stealth        | 4 |  4.1
Armour         | |  0.3
Dodging        | |  1.5
Spellcasting   | |  2.1
Hexes          | |  3.4
Ice Magic      | |  0.5

Action                     || total
---------------------------++-------
  Melee: Dagger            ||   100
         Bite              ||    24
         Punch             ||     1
   Cast: Ensorcelled Hiber ||     7
   Stab: Sleeping          ||     9
 Armour: Robe              ||    69
  Dodge: Dodged            ||    82

Table legend: (Time is in decaauts)
 A = Elapsed time spent in this place.
 B = Non-inter-level travel time spent in this place.
 C = Inter-level travel time spent in this place.
 D = Time resting spent in this place.
 E = Time spent auto-exploring this place.
 F = Levels seen in this place.
 G = Mean time per level.
                   A        B        C        D        E       F      G
               +--------+--------+--------+--------+--------+-----+--------+
         Total |   1253 |   1239 |     14 |      0 |    974 |   2 |  626.5 |
       Dungeon |   1253 |   1239 |     14 |      0 |    974 |   2 |  626.5 |
               +--------+--------+--------+--------+--------+-----+--------+

Top non-repeatable levels by time:
     D:1: 842 daAuts
     D:2: 411 daAuts
